 Dungeon Crawl Stone Soup version bcrawl-1.40.3b (webtiles) character file.

Game seed: 16449658599953571840

241316 Amelense the Cudgeler (level 5, -12/57 HPs)
             Began as an Ent Fighter on Feb 8, 2024.
             Mangled by an ogre
             ... wielding a +0 giant club
              (23 damage)
             ... on level 4 of the Dungeon.
             The game lasted 00:06:25 (1216 turns).

Amelense the Cudgeler (Ent Fighter)                 Turns: 1216, Time: 00:06:25

Health: -12/57     AC: 12    Str: 23    XL:     5   Next: 31%
Magic:  5/5        EV:  7    Int:  9    God:
Gold:   114        SH:  8    Dex: 10    Spells: 4/4 levels left

rFire    + . .     GDR:     31% a - +0 flail
rCold    + . .     SeeInvis .   b - +0 medium shield
rNeg     + + +     Gourm    .   (armour unavailable)
rPois    +         Faith    .   (helmet restricted)
rElec    .         Spirit   .   n - scarf {rC+ rF+}
rCorr    .         Reflect  .   (gloves unavailable)
MR       .....                  (boots unavailable)
Stlth    +.........             (no amulet)
HPRegen  0.19/turn              (no ring)
MPRegen  0.09/turn              (no ring)

@: very slow
A: large, slow actions, passwall, strong branches, negative energy resistance 3,
poison resistance, slow metabolism 1, torment resistance, unbreathing, AC +12
a: Passwall


You were on level 4 of the Dungeon.
You were hungry.

You visited 1 branch of the dungeon, and saw 4 of its levels.

You collected 114 gold pieces.

Inventory:

Hand Weapons
 a - a +0 flail (weapon)
Armour
 b - a +0 medium shield (worn)
 n - a scarf of resistance (worn)
Wands
 c - a wand of polymorph (5)
Scrolls
 f - 3 scrolls of fog {unknown}
 i - 2 scrolls of identify
 k - a scroll of immolation {unknown}
 l - 2 scrolls of remove curse {unknown}
 m - a scroll of teleportation {unknown}
Potions
 g - a potion of magic
 h - a potion of heal wounds {unknown}
 j - a potion of resistance {unknown}
 o - 2 potions of haste {unknown}
Comestibles
 e - 8 rations {!d}


   Skills:
 - Level 3.2 Fighting
 * Level 6.8 Maces & Flails
 - Level 2.6 Dodging
 - Level 2.4 Shields


You had 4 spell levels left.
You didn't know any spells.
Your spell library was empty.

Dungeon Overview and Level Annotations

Branches:
Dungeon (4/12)
 Temple: D:4-7

Altars:
Qazlal


Innate Abilities, Weirdness & Mutations

You move and act slowly.
You can pass through walls and trees.
Your branches can wield two-handed weapons with a shield.
Your thick bark is tough. (AC +12)
You are too large for most types of armour.
You are immune to negative energy. (rN+++)
Your system is resistant to poisons. (rPois)
You have a slow metabolism.
You are immune to unholy pain and torment.
You can survive without breathing.


Message History

The ogre is moderately wounded.
The ogre hits you with a +0 giant club!
* * * LOW HITPOINT WARNING * * *
You barely miss the ogre.
The ogre is moderately wounded.
The ogre hits you with a +0 giant club!
* * * LOW HITPOINT WARNING * * *
The ogre hits you but does no damage.
There is a stone staircase leading up here.
You barely miss the ogre.
The ogre is moderately wounded.
The ogre closely misses you.
You barely miss the ogre.
The ogre is moderately wounded.
The ogre barely misses you.
All of the chunks of flesh in your inventory have rotted away.
You hit the ogre.
The ogre is heavily wounded.
The ogre hits you with a +0 giant club!!
You die...

##### ##...##
##.....##
##.......###
##..........#
....<.......#
##..........#
........O@#
.##......##
#.#...##
....(.## .
#.##. #. #. .
.. # #.


You could see an ogre.

Vanquished Creatures
  2 orc wizards (D:3)
  Ijyb (D:3)
  A bullfrog skeleton (D:4)
  An adder (D:3)
  A shadow imp (D:3)
  2 worms
  A dart slug (D:3)
  8 orcs (D:3)
  A giant cockroach (D:3)
  A goblin (D:3)
  2 hobgoblins
  8 jackals
  A quokka (D:3)
  3 ball pythons
  A bat (D:2)
  A rat (D:2)
35 creatures vanquished.

Notes
Turn   | Place    | Note
-------+----------+-------------------------------------------
     0 | D:1      | Amelense the Ent Fighter began the quest for the Orb.
     0 | D:1      | Reached XP level 1. HP: 25/25 MP: 1/1
    71 | D:1      | Reached skill level 3 in Maces & Flails
   329 | D:2      | Found a stormy altar of Qazlal.
   364 | D:2      | Reached XP level 2. HP: 33/33 MP: 2/2
   579 | D:3      | Noticed Ijyb
   622 | D:3      | Killed Ijyb
   623 | D:3      | Reached skill level 4 in Maces & Flails
   623 | D:3      | Reached XP level 3. HP: 5/40 MP: 3/3
   781 | D:3      | Reached skill level 5 in Maces & Flails
   788 | D:3      | Found a faded altar of an unknown god.
   889 | D:3      | Reached XP level 4. HP: 46/49 MP: 4/4
   954 | D:3      | Reached skill level 6 in Maces & Flails
  1050 | D:3      | Reached XP level 5. HP: 19/57 MP: 5/5
  1202 | D:4      | Noticed an ogre
  1216 | D:4      | Mangled by an ogre

Skill      XL: |  1  2  3  4 |
---------------+-------------+-----
Maces & Flails | 3 4 5 6 |  6.8
Fighting       | |  3.2
Dodging        | |  2.6
Shields        | |  2.4

Action                   |  1- 3 |  4- 6 || total
-------------------------+-------+-------++-------
Melee: Flail             |    82 |    64 ||   146
  Use: Potion            |     2 |       ||     2
  Eat: Chunk             |     2 |     3 ||     5
Armor: Skin              |    55 |    77 ||   132
Dodge: Dodged            |    27 |    51 ||    78
Block: Medium shield     |    57 |    64 ||   121
